 Dungeon Crawl Stone Soup version 0.24-a0-235-g3f03afc (webtiles) character file.

Game seed: 6041004864609779624

106 xeno23 the Sneak (level 4, -1/29 HPs)
             Began as an Octopode Assassin on Apr 7, 2019.
             Killed from afar by Sigmund (6 damage)
             ... with a magic dart
             ... on level 3 of the Dungeon.
             The game lasted 00:04:25 (1272 turns).

xeno23 the Sneak (Octopode Assassin)                Turns: 1272, Time: 00:04:26

Health: -1/29      AC:  1    Str: 10    XL:     4   Next: 84%
Magic:  4/4        EV: 13    Int: 13    God:
Gold:   67         SH:  0    Dex: 14    Spells: 3/3 levels left

rFire    . . .     SeeInvis .   a - +2 dagger
rCold    . . .     Gourm    .   (no shield)
rNeg     . . .     Faith    .   (helmet restricted)
rPois    .         Spirit   .   (no amulet)
rElec    .         Reflect  .   (no ring)
rCorr    .         Harm     .   (no ring)
MR       .....                  (no ring)
Stlth    ++........             (no ring)
HPRegen  0.09/turn              (no ring)
MPRegen  0.09/turn              (no ring)
                                (no ring)
                                (no ring)

@: confused
A: almost no armour, stealthy swim, amphibious, 8 rings, constrict 8, camouflage
1, gelatinous body 1
a: no special abilities


You were on level 3 of the Dungeon.
You were not hungry.

You visited 1 branch of the dungeon, and saw 3 of its levels.

You collected 67 gold pieces.

Inventory:

Hand Weapons
 a - a +2 dagger (weapon)
 b - a +0 blowgun
Missiles
 c - 8 poisoned needles
 d - 2 curare-tipped needles
Scrolls
 e - 3 scrolls of identify {unknown}
 h - a scroll of remove curse {unknown}
 j - 2 scrolls of immolation {unknown}
 l - a scroll of amnesia {unknown}
Potions
 i - 2 potions of curing {unknown}
 k - a potion of haste {unknown}
Comestibles
 f - 4 rations
 g - 3 chunks of flesh


   Skills:
 - Level 2.0 Fighting
 * Level 4.1 Short Blades
 - Level 2.0 Throwing
 - Level 1.0 Dodging
 + Level 6.4 Stealth


You had 3 spell levels left.
You didn't know any spells.
Your spell library was empty.

Dungeon Overview and Level Annotations

Branches:
Dungeon (3/15)

Altars:
Xom

Annotations:
D:3 Sigmund


Innate Abilities, Weirdness & Mutations

You cannot wear most types of armour.
You are very stealthy in the water. (Stealth+)
You are amphibious.
You can wear up to eight rings at the same time.
You can use your tentacles to constrict eight enemies at once.
Your skin changes colour to match your surroundings (Stealth+).
Your rubbery body absorbs attacks. (AC +1, EV +1)


Message History

You take 6 damage.
You hit the giant cockroach.
You kill the giant cockroach!
You constrict the orc, but do no damage.
An orc comes into view. It is wielding a +0 club.
The orc barely misses you.
The orc shouts!
You hit the orc.
The orc is moderately wounded.
You constrict the orc, but do no damage.
You hear some strange, mumbled words.
You are confused.
An orc wizard comes into view. It is wielding a +0 dagger.
You release your grip on the orc.
The orc hits you with a +0 flail.
In your confused state, you trip and fall back down the stairs.
The orc hits you with a +0 flail!
* * * LOW HITPOINT WARNING * * *
A magic dart appears from out of thin air!
The magic dart hits you.
You die...

#######.#####{##...
##.....o.....o...###
##.....(..........#
#........<........#
#......o..........#
#...............###
#...............#
#....o..........#
##..@†.).......##
##...<)#.....##
#############


You could see an orc wizard (wandering) and 2 orcs.

Vanquished Creatures
  3 adders
  2 worms (D:2)
  2 dart slugs (D:1)
  4 leopard geckos
  7 orcs (D:3)
  2 giant cockroaches
  8 hobgoblins
  4 jackals (D:2)
  A quokka (D:2)
  A ball python (D:1)
  3 bats
  4 frilled lizards
  4 goblins
  6 kobolds (D:1)
  9 rats
60 creatures vanquished.

Notes
Turn   | Place    | Note
-------+----------+-------------------------------------------
     0 | D:1      | xeno23 the Octopode Assassin began the quest for the Orb.
     0 | D:1      | Reached XP level 1. HP: 14/14 MP: 1/1
    46 | D:1      | Reached XP level 2. HP: 19/19 MP: 2/2
   327 | D:1      | Reached XP level 3. HP: 24/24 MP: 3/3
   815 | D:2      | Reached skill level 6 in Stealth
   838 | D:2      | Reached XP level 4. HP: 22/29 MP: 4/4
   874 | D:2      | Found a faded altar of an unknown god.
  1176 | D:3      | Found a shimmering altar of Xom.
  1201 | D:3      | Noticed Sigmund
  1272 | D:3      | Killed from afar by Sigmund

Levels and vault maps discovered:
D:1:      dpeg_arrival_leaves_temple_mockup, layout_basic
D:2:      layout_basic, chequers_ecumenical_altar_simple_redux, first_ration
D:3:      layout_rooms, nicolae_overflow_hidden_temple, marbit_many_paths,
          nicolae_ashenzari_panopticon, uniq_sigmund

Skill      XL: |  1  2  3  4 |
---------------+-------------+-----
Short Blades   | 3 4 |  4.1
Stealth        | 6 |  6.4
Fighting       | |  2.0
Throwing       | |  2.0
Dodging        | |  1.0

Action                   |  1- 3 |  4- 6 || total
-------------------------+-------+-------++-------
Melee: Dagger            |    58 |    49 ||   107
       Constrict         |    10 |    16 ||    26
       Tentacles         |     8 |     3 ||    11
 Stab: Sleeping          |    22 |     2 ||    24
       Distracted        |     1 |       ||     1
  Eat: Chunk             |       |     1 ||     1
Armor: Skin              |     3 |     4 ||     7
Dodge: Dodged            |    19 |    36 ||    55

Table legend:
 A = Non-vault XP
 B = Vault XP
 C = Vault XP percentage of total XP
 D = Non-vault monster count
 E = Vault monster count
 F = Vault count percentage of total count
                 A         B        C        D         E       F
            +---------+---------+-------+---------+---------+-------
      Total |     152 |       0 |   0.0 |      60 |       0 |   0.0
            +---------+---------+-------+---------+---------+-------
        D:1 |      46 |       0 |   0.0 |      28 |       0 |   0.0
        D:2 |      59 |       0 |   0.0 |      17 |       0 |   0.0
        D:3 |      47 |       0 |   0.0 |      15 |       0 |   0.0
            +---------+---------+-------+---------+---------+-------
